 Dungeon Crawl Stone Soup version 0.21.1-1-g345015f (webtiles) character file.

319 tidbits the Grave Robber (level 6, -4/44 HPs)
             Began as a Gnoll Necromancer on June 20, 2018.
             Was a Follower of Cheibriados.
             Slain by a reaper
             ... wielding a +1 scythe of venom
             ... summoned by miscasting Borgnjor's Vile Clutch
              (48 damage)
             ... on level 8 of the Dungeon.
             The game lasted 00:11:14 (1185 turns).

tidbits the Grave Robber (Gnoll Necromancer)        Turns: 1185, Time: 00:11:15

Health: -4/44      AC:  4    Str: 13    XL:     6   Next: 45%
Magic:  7/14       EV: 15    Int: 23    God:    Cheibriados [*.....]
Gold:   216        SH:  0    Dex: 18    Spells: 2/15 levels left

rFire    . . .     SeeInvis .   k - +2 quarterstaff (crush)
rCold    . . .     Gourm    .   (shield currently unavailable)
rNeg     . . .     Faith    .   B - +0 troll leather armour {Purgy}
rPois    .         Spirit   .   (no helmet)
rElec    .         Reflect  .   (no cloak)
rCorr    .         Harm     .   (no gloves)
MR       .....                  (no boots)
Stlth    +++.......             (no amulet)
HPRegen  0.54/turn              (no ring)
MPRegen  0.14/turn              (no ring)

@: about to teleport, very slightly contaminated, very slow
A: distributed training, fangs 1, strong nose
a: Bend Time, Renounce Religion


You were on level 8 of the Dungeon.
You worshipped Cheibriados.
Cheibriados was aware of your devotion.
You were not hungry.

You visited 1 branch of the dungeon, and saw 6 of its levels.
You also visited: Sewer.

You collected 216 gold pieces.

Inventory:

Hand Weapons
 f - a +0 dagger
 k - a +2 quarterstaff of crushing (weapon)
   (You found it on level 2 of the Dungeon)
 l - a +0 hunting sling
 y - a +0 long sword
Missiles
 d - 5 tomahawks (quivered)
 m - 10 stones
Armour
 a - a +0 robe
 q - a +1 buckler
 z - the +1 scale mail "Owkorib" {rPois Dex+6}
   (You took it off an orc on level 4 of the Dungeon)

   It affects your dexterity (+6).
   It protects you from poison.
 B - a +0 troll leather armour (worn) {Purgy}
Scrolls
 h - a scroll of random uselessness
 i - 2 scrolls of enchant armour
 j - a scroll of amnesia
 A - a scroll of remove curse
 C - a scroll of fog {unknown}
 D - a scroll of magic mapping {unknown}
Potions
 g - a potion of berserk rage {unknown}
 n - 3 potions of heal wounds
 o - a potion of might
 p - a potion of curing {unknown}
 r - a potion of brilliance {unknown}
 s - a potion of invisibility {unknown}
 t - a potion of resistance
 u - a potion of degeneration {unknown}
 v - a potion of agility {unknown}
 w - 2 potions of magic {unknown}
 x - a potion of mutation {unknown}
Books
 b - a book of Necromancy

   Spells                             Type                      Level
   a - Pain                           Necromancy                   1
   b - Animate Skeleton               Necromancy                   1
   c - Vampiric Draining              Necromancy                   3
   d - Regeneration                   Charms/Necromancy            3
   e - Animate Dead                   Necromancy                   4
   f - Borgnjor's Vile Clutch         Necromancy/Earth             5
Comestibles
 c - 3 rations


   Skills:
 + Level 1.9 Fighting
 + Level 1.9 Short Blades
 + Level 1.9 Long Blades
 + Level 1.9 Axes
 + Level 1.9 Maces & Flails
 + Level 1.9 Polearms
 + Level 1.9 Staves
 + Level 1.9 Slings
 + Level 1.9 Bows
 + Level 1.9 Crossbows
 + Level 1.9 Throwing
 + Level 1.9 Armour
 + Level 5.0 Dodging
 + Level 4.6 Stealth
 + Level 1.9 Shields
 + Level 1.9 Unarmed Combat
 + Level 5.3 Spellcasting
 + Level 1.5 Conjurations
 + Level 1.5 Hexes
 + Level 1.5 Charms
 + Level 1.5 Summonings
 + Level 7.3 Necromancy
 + Level 1.5 Translocations
 + Level 1.5 Transmutations
 + Level 1.5 Fire Magic
 + Level 1.5 Ice Magic
 + Level 1.5 Air Magic
 + Level 1.5 Earth Magic
 + Level 1.5 Poison Magic
 + Level 2.1 Invocations
 + Level 1.9 Evocations


You had 2 spell levels left.
You knew the following spells:

 Your Spells              Type           Power        Failure   Level  Hunger
a - Pain                  Necr           ####         1%          1    None
d - Vampiric Draining     Necr           #####.....   1%          3    ##.....
n - Animate Skeleton      Necr           N/A          1%          1    None
r - Regeneration          Chrm/Necr      ####......   5%          3    ##.....
v - Borgnjor's Vile Clut  Necr/Erth      ####......   45%         5    #####..


Dungeon Overview and Level Annotations

Branches:
Dungeon (5/15)
 Temple: D:4-7

Altars:
Cheibriados
Fedhas
Qazlal


Innate Abilities, Weirdness & Mutations

Your experience applies equally to all skills.
You have very sharp teeth.
Your uncanny sense of smell can sniff out nearby items.


Message History

You sock the phantom!
The phantom is almost destroyed.
The phantom hits you! The phantom hits you.
You miss the phantom.
The phantom is almost destroyed.
Your skin stops crawling.
The phantom hits you!
You miss the phantom. Your bite misses the phantom.
The phantom is almost destroyed.
The phantom blinks!
Casting: Regeneration
Confirm with . or Enter, or press ? or * to list all spells.
Your skin crawls.
The phantom blinks!
The phantom misses you.
You hit the phantom.
The phantom is almost destroyed.
The phantom closely misses you.
You closely miss the phantom.
The phantom is almost destroyed.
The phantom barely misses you.
You sock the phantom!
You destroy the phantom!
Cheibriados appreciates the change of pace.
Your Dodging skill increases to level 5!
Your Invocations skill increases to level 2!
Your skin is crawling a little less now.
Your skin stops crawling.
Found a scroll labeled EZOSIPP GETWI. 2 orcs come into view.
The orc shouts!
You hear a shout! x2; The orc shouts!
Found a dagger and a ring mail.
The orc completely misses you.
An orc comes into view.
You see here a scroll labeled EZOSIPP GETWI.
You closely miss the orc. You bite the orc, but do no damage.
The orc closely misses you.
An orc comes into view. It is wielding a mace.
D - a scroll labeled EZOSIPP GETWI The orc closely misses you.
Casting: Regeneration
Confirm with . or Enter, or press ? or * to list all spells.
Your skin crawls.
The orc hits you but does no damage.
You hit the orc but do no damage. Your bite misses the orc.
The orc hits you but does no damage.
You barely miss the orc. You bite the orc, but do no damage.
The orc hits you but does no damage.
You hit the orc.
The orc is moderately wounded.
The orc closely misses you.
You barely miss the orc.
The orc is moderately wounded.
The orc misses you.
You barely miss the orc.
The orc is moderately wounded.
The orc closely misses you.
You hit the orc but do no damage. You bite the orc, but do no damage.
The orc is moderately wounded.
The orc hits you with a club.
You closely miss the orc.
The orc is moderately wounded.
Your skin is crawling a little less now.
The orc closely misses you.
You hit the orc but do no damage.
The orc is moderately wounded.
The orc closely misses you.
You hit the orc.
The orc is severely wounded.
The orc misses you.
You sock the orc!
You kill the orc!
Cheibriados appreciates the change of pace.
The orc barely misses you.
An orc warrior comes into view. It is wielding a short sword.
You barely miss the orc.
Your skin stops crawling.
The orc warrior shouts!
You hear a shout!
The orc hits you.
Casting: Regeneration
Confirm with . or Enter, or press ? or * to list all spells.
The spell is very dangerous to cast!
Continue anyway?
Aiming: Borgnjor's Vile Clutch
Press: ? - help, Dir - move target cursor, f - orc warrior
Aim: an orc warrior, wielding a short sword and wearing a chain mail You miscast Borgnjor's Vile Clutch.
You are very lightly contaminated with residual magic.
Death has come for you... The orc hits you but does no damage.
Unknown command.
Okay, then.
As you read the scroll of teleportation, it crumbles to dust.
You feel strangely unstable. The orc barely misses you.
The reaper barely misses you.
Unknown command.
A worker ant comes into view.
The worker ant moves out of view.
The orc hits you but does no damage.
An orc comes into view. It is wielding a flail.
The reaper smiles without lips.
The reaper hits you from afar with a scythe of venom!!!
Ouch! That really hurt!
You die...

..# ∆ ... #.. ...# #.#
######..#######.##
####.#
.......##o..oo.[.
..##.#
.......##o####.##
#.##.# .....##o#
#.##.# #....##o# ∆ ∆ ∆
#....######.##.##.##.#
..###...........@.2oa#
....#..........##.##.#
....#..........##.# ..
....#..........##.# .#
...............##.# ∆#
...............##..
.......######..####
.......# #..# ..)....#
....


You could see a reaper, an orc warrior, a worker ant and 4 orcs.

Vanquished Creatures
  A phantom (D:8)
  Purgy (Sewer)
  The ghost of Aelig the Grave Robber, a weakling TeNe (D:3)
  4 adders
  5 worms (D:3)
  3 dart slugs
  2 leopard geckos (D:3)
  10 orcs
  10 bats
  3 goblins (D:3)
  2 hobgoblins
  7 jackals
  4 quokkas
  5 frilled lizards
  A kobold (D:1)
  2 rats
61 creatures vanquished.

Notes
Turn   | Place    | Note
-------+----------+-------------------------------------------
     0 | D:1      | tidbits the Gnoll Necromancer began the quest for the Orb.
     0 | D:1      | Reached XP level 1. HP: 13/13 MP: 6/6
   167 | D:3      | Reached XP level 2. HP: 12/19 MP: 4/7
   171 | D:3      | Learned a level 1 spell: Animate Skeleton
   225 | D:3      | HP: 1/20 [quokka (2)]
   274 | D:3      | Reached XP level 3. HP: 3/25 MP: 7/9
   279 | D:3      | Learned a level 3 spell: Regeneration
   284 | D:3      | Learned a level 3 spell: Vampiric Draining
   317 | D:3      | Noticed Aelig's ghost (weakling TeNe)
   338 | D:3      | Killed Aelig's ghost
   338 | D:3      | Reached skill level 5 in Spellcasting
   353 | D:3      | Found a snail-covered altar of Cheibriados.
   367 | D:3      | Reached skill level 1 in Invocations
   369 | D:3      | Became a worshipper of Cheibriados the Contemplative
   444 | D:3      | Reached skill level 1 in Fighting
   444 | D:3      | Reached skill level 1 in Short Blades
   444 | D:3      | Reached skill level 1 in Long Blades
   444 | D:3      | Reached skill level 1 in Axes
   444 | D:3      | Reached skill level 1 in Maces & Flails
   444 | D:3      | Reached skill level 1 in Polearms
   444 | D:3      | Reached skill level 1 in Staves
   444 | D:3      | Reached skill level 1 in Slings
   444 | D:3      | Reached skill level 1 in Bows
   444 | D:3      | Reached skill level 1 in Crossbows
   444 | D:3      | Reached skill level 1 in Throwing
   444 | D:3      | Reached skill level 1 in Armour
   444 | D:3      | Reached skill level 1 in Shields
   444 | D:3      | Reached skill level 1 in Unarmed Combat
   444 | D:3      | Reached skill level 1 in Evocations
   449 | D:3      | Reached XP level 4. HP: 32/32 MP: 6/11
   665 | D:3      | Found a glowing drain.
   677 | Sewer    | Entered a sewer
   683 | Sewer    | Reached * piety under Cheibriados
   706 | Sewer    | Noticed Purgy
   741 | Sewer    | Killed Purgy
   741 | Sewer    | Reached skill level 1 in Conjurations
   741 | Sewer    | Reached skill level 1 in Hexes
   741 | Sewer    | Reached skill level 1 in Charms
   741 | Sewer    | Reached skill level 1 in Summonings
   741 | Sewer    | Reached skill level 1 in Translocations
   741 | Sewer    | Reached skill level 1 in Transmutations
   741 | Sewer    | Reached skill level 1 in Fire Magic
   741 | Sewer    | Reached skill level 1 in Ice Magic
   741 | Sewer    | Reached skill level 1 in Air Magic
   741 | Sewer    | Reached skill level 1 in Earth Magic
   741 | Sewer    | Reached skill level 1 in Poison Magic
   741 | Sewer    | Reached XP level 5. HP: 13/37 MP: 3/12
   977 | D:4      | Got a jacinth-encrusted scale mail
   988 | D:4      | Identified the cursed +1 scale mail "Owkorib" {rPois Dex+6} (You took it off an orc on level 4 of the Dungeon)
  1046 | D:5      | Entered Level 5 of the Dungeon
  1094 | D:5      | Reached XP level 6. HP: 40/44 MP: 10/13
  1101 | D:5      | Learned a level 5 spell: Borgnjor's Vile Clutch
  1107 | D:5      | Found a stormy altar of Qazlal.
  1113 | D:5      | Found a blossoming altar of Fedhas.
  1115 | D:5      | You fall through a shaft for 3 floors!
  1135 | D:8      | Noticed a phantom
  1156 | D:8      | Killed a phantom
  1156 | D:8      | Reached skill level 5 in Dodging
  1156 | D:8      | Reached skill level 2 in Invocations
  1180 | D:8      | Noticed an orc warrior
  1182 | D:8      | Noticed a reaper
  1185 | D:8      | Slain by a reaper

Skill      XL: |  1  2  3  4  5  6 |
---------------+-------------------+-----
Spellcasting   | 5 |  5.3
Invocations    | 1 2 |  2.1
Fighting       | 1 |  1.9
Short Blades   | 1 |  1.9
Long Blades    | 1 |  1.9
Axes           | 1 |  1.9
Maces & Flails | 1 |  1.9
Polearms       | 1 |  1.9
Staves         | 1 |  1.9
Slings         | 1 |  1.9
Bows           | 1 |  1.9
Crossbows      | 1 |  1.9
Throwing       | 1 |  1.9
Armour         | 1 |  1.9
Shields        | 1 |  1.9
Unarmed Combat | 1 |  1.9
Evocations     | 1 |  1.9
Conjurations   | 1 |  1.5
Hexes          | 1 |  1.5
Charms         | 1 |  1.5
Summonings     | 1 |  1.5
Translocations | 1 |  1.5
Transmutations | 1 |  1.5
Fire Magic     | 1 |  1.5
Ice Magic      | 1 |  1.5
Air Magic      | 1 |  1.5
Earth Magic    | 1 |  1.5
Poison Magic   | 1 |  1.5
Dodging        | 5 |  5.0
Stealth        | |  4.6
Necromancy     | |  7.3

Action                   |  1- 3 |  4- 6 || total
-------------------------+-------+-------++-------
Melee: Quarterstaff      |    57 |   112 ||   169
       Bite              |     4 |    10 ||    14
Throw: Tomahawk          |       |     4 ||     4
 Cast: Pain              |    14 |       ||    14
       Regeneration      |     5 |    17 ||    22
  Use: Scroll            |       |     9 ||     9
       Potion            |       |     2 ||     2
 Stab: Sleeping          |     5 |     3 ||     8
  Eat: Chunk             |       |     2 ||     2
Armor: Robe              |    14 |     8 ||    22
       Troll leather arm |       |    11 ||    11
Dodge: Dodged            |    53 |   135 ||   188

Table legend:
 A = Turns spent in this place as a percentage of turns spent in the entire game.
 B = Non-inter-level travel turns spent in this place as a percentage of non-inter-level travel turns spent in the entire game.
 C = Inter-level travel turns spent in this place as a percentage of turns spent in this place.
 D = Turns resting spent in this place as a percentage of non-inter-level travel turns spent in this place.
 E = Turns spent auto-exploring this place as a percentage of non-inter-level travel turns spent in this place.
 F = Non-inter-level travel turns spent in this place divided by the number of levels of this place that you've seen.
                   A       B       C       D       E      F
               +-------+-------+-------+-------+-------+----------------------
         Total | 100.0 | 100.0 |   1.0 |   0.0 |   0.0 | 167.6
       Dungeon |  89.7 |  89.6 |   1.1 |   0.0 |   0.0 | 175.2
         Sewer |  10.3 |  10.4 |   0.0 |   0.0 |   0.0 | 122.0
               +-------+-------+-------+-------+-------+----------------------

Table legend:
 A = Kills in this place as a percentage of kills in entire the game.
 B = Kills by you in this place as a percentage of kills by you in the entire game.
 C = Kills by friends in this place as a percentage of kills by friends in the entire game.
 D = Other kills in this place as a percentage of other kills in the entire game.
 E = Experience gained in this place as a percentage of experience gained in the entire game.
 F = Experience gained in this place divided by the number of levels of this place that you have seen.
                   A       B       C       D       E      F
               +-------+-------+-------+-------+-------+----------------------
         Total | 100.0 | 100.0 |   N/A |   N/A | 100.0 |  65.1
       Dungeon |  90.2 |  90.2 |   N/A |   N/A |  70.6 |  53.7
         Sewer |   9.8 |   9.8 |   N/A |   N/A |  29.4 | 134.0
               +-------+-------+-------+-------+-------+----------------------

Vault maps used:
D:1:      dpeg_arrival_radiant, minmay_close_crescents
D:2:      nicolae_dithmenos_through_a_glass_darkly
D:3:      nicolae_overflow_crystal_walls, cheibrodos_sewer_entry_bend
D:4:      lemuel_crystal_altar, first_ration
D:5:      grunt_temple_overflow_forces_of_nature, overflow_temple_1_default,
          grunt_temple_overflow_open, minmay_crystal_water
D:8:      minmay_lair_entry_lava, hangedman_pestilent_swarm,
          roderic_nine_men_s_morris, uniq_pikel
Sewer:    sewer_big_baddie
